 Dungeon Crawl Stone Soup version 0.18.1-47-g9310371 (webtiles) character file.

5996 mindo the Blocker (level 10, -16/90 HPs)
             Began as a Minotaur Fighter on June 19, 2016.
             Was an Initiate of the Shining One.
             Demolished by Maud
             ... wielding a +2 glaive of protection
              (40 damage)
             ... on level 10 of the Dungeon.
             The game lasted 00:38:45 (8925 turns).

mindo the Blocker (Minotaur Fighter)                Turns: 8925, Time: 00:38:45

Health: -16/90     AC: 16    Str: 20    XL:     10   Next: 55%
Magic:  9/9        EV:  5    Int:  5    God:    the Shining One [......]
Gold:   503        SH: 18    Dex: 14    Spells: 0 memorised, 9 levels left

rFire  . . .     SeeInvis .     a - +0 long sword
rCold  + . .     Gourm    .     E - +0 plate armour
rNeg   + . .     Faith    .     w - +0 large shield
rPois  .         Spirit   .     (helmet restricted)
rElec  .         Dismiss  .     s - +0 cloak
rCorr  .         Reflect  .     (no gloves)
SustAt .         Harm     .     (no boots)
MR     .....                    (no amulet)
Stlth  ..........               B - ring of protection from cold
                                y - ring of positive energy

@: glowing, not resistant to hostile enchantments, extremely unstealthy
A: retaliatory headbutt, horns 2
a: Renounce Religion


You were on level 10 of the Dungeon.
You worshipped the Shining One.
The Shining One was noncommittal.
You were not hungry.

You visited 2 branches of the dungeon, and saw 11 of its levels.

You collected 503 gold pieces.

Inventory:

Hand Weapons
 a - a +0 long sword (weapon)
Armour
 c - a +0 shield
 s - a +0 cloak (worn)
 w - a +0 large shield (worn)
 E - a +0 plate armour (worn)
Jewellery
 n - a +3 ring of slaying
 r - an uncursed amulet of faith
 y - a ring of positive energy (left hand)
 B - a ring of protection from cold (right hand)
 J - the ring of Loabbyw {rCorr *Corrode rC+++ MP+9 Str+2}
   (You found it on level 9 of the Dungeon)

   [ring of resist corrosion]

   It affects your strength (+2).
   It renders you almost immune to cold.
   It affects your magic capacity (+9).
   It may corrode you when you take damage.
 K - an uncursed ring of flight {unknown}
 M - an uncursed ring of resist corrosion {unknown}
Wands
 F - a wand of lightning (6/15)
 H - a wand of paralysis (18/24)
Scrolls
 b - a scroll of holy word {unknown}
 e - a scroll of enchant weapon {unknown}
 f - 4 scrolls of noise
 h - 5 scrolls of remove curse
 i - 3 scrolls of identify
 j - a scroll of enchant armour {unknown}
 l - 2 scrolls of teleportation {unknown}
 m - 2 scrolls of recharging {unknown}
 o - 2 scrolls of fog {unknown}
 v - 3 scrolls of magic mapping
 G - 2 scrolls of fear {unknown}
 L - a scroll of immolation {unknown}
Potions
 d - 2 potions of flight {unknown}
 k - a potion of heal wounds
 p - 2 potions of curing
 q - 2 potions of berserk rage
 x - a potion of agility
 z - a potion of beneficial mutation {unknown}
 A - a potion of ambrosia {unknown}
 C - a potion of cancellation {unknown}
Books
 t - a book of Debilitation

   Spells                             Type                      Level
   a - Corona                         Hexes                        1
   b - Slow                           Hexes                        2
   c - Gell's Gravitas                Hexes/Translocation          3
   d - Inner Flame                    Hexes/Fire                   3
   e - Cause Fear                     Hexes                        4
   f - Leda's Liquefaction            Hexes/Earth                  4
Miscellaneous
 I - a plain deck of wonders
Comestibles
 g - 5 meat rations
 u - 7 bread rations
 D - a slice of pizza
 N - a beef jerky


   Skills:
 + Level 8.7 Fighting
 + Level 9.1 Long Blades
 + Level 10.5 Armour
 + Level 2.6 Dodging
 + Level 0.8 Stealth
 + Level 11.2 Shields


You had 9 spell levels left.
You didn't know any spells.

Dungeon Overview and Level Annotations

Branches:
Dungeon (10/15)            Temple (1/1) D:7
   Lair: D:8-11         Orc: D:9-12

Altars:
Ashenzari
Cheibriados
Dithmenos
Elyvilon
Fedhas
Gozag
Kikubaaqudgha
Makhleb
Nemelex Xobeh
Okawaru
Pakellas
Qazlal
Sif Muna
Trog
Vehumet
Xom
Yredelemnul
Zin
The Shining One

Shops:
D:5 }

Annotations:
D:10 Maud


Innate Abilities, Weirdness & Mutations

You reflexively headbutt those who attack you in melee.
You have a pair of horns on your head.


Message History

Maud hits you with a glaive of protection!
You see here a meat ration.
Maud screams, "Submit or die!"
You see here a dagger.
Maud hits you with a glaive of protection!!!
Ouch! That really hurt!
You slash Maud!
Maud is lightly wounded.
You block Maud's attack.
You hit Maud. You headbutt Maud!
Maud is moderately wounded.
Maud hits you with a glaive of protection!
* * * LOW HITPOINT WARNING * * *
You slash Maud!
Maud is moderately wounded.
You block Maud's attack.
You hit Maud. You headbutt Maud, but do no damage.
Maud is heavily wounded.
Maud hits you from afar with a glaive of protection!!!
You die...

###............ #............
##### #............ . #...#
#.....####### ..######...#
#.....# ...........# #.....#
...........######.....#
....>.................#######
.......%..@.@................
........###'####......###'##.
#+#.....#......# ..###....#.
#.....#......# #......'.
#.....#......# #......#.
#.....#......# #......#.
#.....#......+ #......#.
#.....#......#....#......#.
######.....#......#....#......#.


You could see Maud.

Vanquished Creatures
  Josephine (D:10)
  Nergalle (D:10)
  A merfolk (D:10)
  A two-headed ogre (D:8)
  4 wraiths
  2 hungry ghosts
  2 hippogriffs (D:8)
  2 necrophages
  2 phantoms
  An ice beast (D:9)
  6 ogres
  4 centaurs
  A crocodile (D:9)
  3 giant frogs
  4 scorpions
  5 killer bees
  A howler monkey (D:5)
  2 crimson imps
  7 hounds
  An orc priest (D:4)
  5 orc wizards
  2 giant frog skeletons
  3 iguanas
  9 worker ants
  A hound skeleton (D:6)
  2 hound zombies
  2 worker ant zombies (D:8)
  7 gnolls
  14 adders
  3 shadow imps
  3 adder zombies
  3 worms
  A dart slug (D:3)
  3 giant geckos
  20 orcs
  A ball python (D:2)
  3 bats
  7 giant cockroaches
  6 goblins
  12 hobgoblins
  4 jackals (D:2)
  9 kobolds
  2 quokkas
  4 giant newts
  3 rats (D:1)
180 creatures vanquished.

Notes
Turn   | Place    | Note
--------------------------------------------------------------
     0 | D:1      | mindo the Minotaur Fighter began the quest for the Orb.
     0 | D:1      | Reached XP level 1. HP: 19/19 MP: 0/0
   180 | D:1      | Reached XP level 2. HP: 26/27 MP: 1/1
   432 | D:1      | Reached skill level 4 in Shields
   714 | D:1      | Reached XP level 3. HP: 21/33 MP: 2/2
  1111 | D:2      | Reached XP level 4. HP: 34/41 MP: 3/3
  1316 | D:2      | Reached skill level 5 in Armour
  1576 | D:3      | Reached skill level 5 in Fighting
  1576 | D:3      | Reached XP level 5. HP: 43/48 MP: 4/4
  1962 | D:3      | Reached skill level 5 in Shields
  2359 | D:4      | Reached XP level 6. HP: 19/56 MP: 5/5
  2607 | D:4      | Found a shattered altar of Ashenzari.
  2612 | D:4      | Saw a vision of the Shoals and the Spider Nest.
  2612 | D:4      | Noticed a merfolk
  2612 | D:4      | Noticed a siren
  2612 | D:4      | Noticed a merfolk
  2612 | D:4      | Noticed a hippogriff
  2612 | D:4      | Noticed a merfolk
  2612 | D:4      | Noticed a redback
  2612 | D:4      | Noticed a redback
  2612 | D:4      | Noticed a redback
  2612 | D:4      | Noticed a redback
  2613 | D:4      | Noticed a sea snake
  2613 | D:4      | Noticed a hippogriff
  2613 | D:4      | Noticed a redback
  2614 | D:4      | Noticed a sea snake
  2854 | D:4      | Reached XP level 7. HP: 33/61 MP: 6/6
  3202 | D:5      | Entered Level 5 of the Dungeon
  3234 | D:5      | Found an opulent altar of Gozag.
  3314 | D:5      | Reached skill level 6 in Shields
  3777 | D:5      | Found Duexuro's Gadget Shoppe.
  4012 | D:5      | Reached skill level 5 in Long Blades
  4012 | D:5      | Reached XP level 8. HP: 66/70 MP: 7/7
  4225 | D:6      | Found an oddly glowing altar of Pakellas.
  4278 | D:6      | Reached skill level 7 in Shields
  5059 | D:7      | Found a staircase to the Ecumenical Temple.
  5279 | D:7      | Found an iron altar of Okawaru.
  5344 | D:7      | Reached skill level 8 in Shields
  5506 | Temple   | Entered the Ecumenical Temple
  5840 | D:8      | Noticed a two-headed ogre
  5853 | D:8      | Killed a two-headed ogre
  5853 | D:8      | Reached XP level 9. HP: 73/79 MP: 8/8
  6007 | D:8      | Reached skill level 1 in Dodging
  6191 | D:8      | Reached skill level 9 in Shields
  7345 | D:9      | Got a crude marble ring
  7366 | D:9      | Identified the ring of Loabbyw {rCorr *Corrode rC+++ MP+9 Str+2} (You found it on level 9 of the Dungeon)
  7528 | D:9      | Found a glowing golden altar of the Shining One.
  7547 | D:9      | Found a deep blue altar of Sif Muna.
  7549 | D:9      | Found a blossoming altar of Fedhas.
  7552 | D:9      | Became a worshipper of the Shining One
  7684 | D:9      | Found a radiant altar of Vehumet.
  7792 | D:10     | Entered Level 10 of the Dungeon
  7843 | D:10     | Noticed Josephine
  7871 | D:10     | Killed Josephine
  7871 | D:10     | Reached skill level 10 in Armour
  7871 | D:10     | Reached skill level 10 in Shields
  7871 | D:10     | Reached XP level 10. HP: 80/88 MP: 9/9
  8210 | D:10     | Noticed Nergalle
  8231 | D:10     | Killed Nergalle
  8231 | D:10     | Reached skill level 11 in Shields
  8909 | D:10     | Noticed Maud
  8925 | D:10     | Demolished by Maud

Skill      XL: |  1  2  3  4  5  6  7  8  9 10 |
---------------+-------------------------------+-----
Shields        | 4 5 6 8 10 11 | 11.2
Armour         | 4 5 6 7 8 10 | 10.5
Fighting       | 4 5 6 7 8 |  8.7
Long Blades    | 3 4 5 6 8 9 |  9.1
Dodging        | 2 |  2.6
Stealth        | |  0.8

Action                   |  1- 3 |  4- 6 |  7- 9 | 10-12 || total
-------------------------+-------+-------+-------+-------++-------
Melee: Long sword        |    76 |   178 |   385 |   111 ||   750
       Headbutt          |     8 |    26 |    70 |    25 ||   129
Evoke: Wand              |       |       |       |     1 ||     1
  Use: Potion            |       |     1 |     4 |     5 ||    10
       Scroll            |       |       |    11 |       ||    11
  Eat: Bread ration      |       |     2 |     2 |       ||     4
       Meat ration       |       |       |     2 |     1 ||     3
Armor: Scale mail        |    30 |    93 |   121 |       ||   244
       Plate armour      |       |       |    36 |    78 ||   114
Dodge: Dodged            |    26 |    66 |    75 |    31 ||   198
Block: Shield            |    45 |   104 |    38 |       ||   187
       Large shield      |       |       |   323 |   153 ||   476
